 Dungeon Crawl Stone Soup version 0.28-a0-1594-ga885d4b3d6 (webtiles) character file.

Game seed: 7818738795214354152

8052 bande the Cleaver (level 11, -11/68 HPs)
             Began as a Gargoyle Fighter on Jan 21, 2022.
             Was a Believer of Okawaru.
             Mangled by a two-headed ogre (16 damage)
             ... on level 8 of the Dungeon.
             The game lasted 00:21:24 (13916 turns).

bande the Cleaver (Gargoyle Fighter)               Turns: 13916, Time: 00:21:24

Health: -11/68     AC: 23    Str: 21    XL:     11   Next: 24%
Magic:  13/13      EV:  6    Int:  8    God:    Okawaru [**....]
Gold:   2033       SH:  7    Dex: 19    Spells: 10/10 levels left

rFire   . . .      SeeInvis .   l - +2 war axe (vorpal)
rCold   + . .      Faith    .   c - +1 buckler
rNeg    + . .      Spirit   .   y - +0 plate armour
rPois   ∞          Reflect  .   q - +0 helmet
rElec   +          Harm     .   (no cloak)
rCorr   .          Rampage  .   (no gloves)
Will    .....                   (no boots)
Stlth   ..........              (no amulet)
HPRegen 0.21/turn               j - +6 ring of dexterity
MPRegen 0.13/turn               B - ring of protection from cold

@: studying Armour
A: sickness immunity, AC +8, negative energy resistance 1, electricity
resistance, torment resistance 1, petrification resistance
a: Renounce Religion, Heroism


You were on level 8 of the Dungeon.
You worshipped Okawaru.
Okawaru was pleased with you.
You visited 2 branches of the dungeon, and saw 9 of its levels.
You also visited: Ossuary.

You collected 2033 gold pieces.

Inventory:

Hand Weapons
 l - a +2 vorpal war axe (weapon)
 r - a +0 flail
 A - a +1 vorpal war axe
Armour
 c - a +1 buckler (worn)
 q - a +0 helmet (worn)
 y - a +0 plate armour (worn)
Jewellery
 g - a +6 ring of intelligence
 j - a +6 ring of dexterity (left hand)
 o - the ring of Isaniroj {Ice Will+ Str+4 Dex+2}
   (You found it on level 3 of the Dungeon)

   [ring of ice]

   It enhances your ice magic.
   Str:       It affects your strength (+4).
   Dex:       It affects your dexterity (+2).
   rF:        It makes you vulnerable to fire.
   rC:        It protects you from cold.
   Will:      It increases your willpower.
 B - a ring of protection from cold (right hand)
Wands
 a - a wand of mindburst (6)
 m - a wand of flame (30)
 n - a wand of acid (9)
 t - a wand of iceblast (4)
 v - a wand of charming (8)
Scrolls
 b - a scroll of identify
 h - 2 scrolls of amnesia
 k - 2 scrolls of enchant weapon
 u - 2 scrolls of fear
Potions
 d - 7 potions of heal wounds
 e - 7 potions of curing
 f - a potion of berserk rage
 i - a potion of magic {unknown}
 p - 2 potions of brilliance
 s - a potion of flight
 w - a potion of mutation {unknown}
 x - a potion of ambrosia {unknown}
 z - 2 potions of attraction


   Skills:
 + Level 7.7 Fighting
 + Level 10.4 Axes
 + Level 9.6 Armour
 + Level 6.4 Shields
 * Level 2.9 Invocations
 * Level 6.4 Evocations


You had 10 spell levels left.
You didn't know any spells.
Your spell library contained the following spells:

 Spells                   Type           Power      Damage    Failure   Level
 Foxfire                  Conj/Fire      0%         2x1d4     100%        1
 Conjure Flame            Conj/Fire      0%         6-21      100%        3
 Inner Flame              Hex/Fire       0%         N/A       100%        3
 Flame Wave               Conj/Fire      0%         2d4       100%        4


Dungeon Overview and Level Annotations

Branches:
Dungeon (8/15)             Temple (1/1) D:7         Ossuary (visited)
   Lair: D:8-11

Altars:
Ashenzari
Cheibriados
Elyvilon
Fedhas
Gozag
Kikubaaqudgha
Makhleb
Nemelex Xobeh
Okawaru
Qazlal
Ru
Sif Muna
Trog
Uskayaw
Vehumet
Wu Jian
Xom
Yredelemnul
Zin
The Shining One

Shops:
D:8 (

Annotations:
D:8 Harold


Innate Abilities, Weirdness & Mutations

You are immune to sickness and miasma.
Your stone body is resilient. (AC +8)
You are immune to poison.
You resist negative energy. (rN+)
You are resistant to electric shocks. (rElec)
You are resistant to unholy torment.
You are immune to petrification.


Message History

You slash the ice beast!
You kill the ice beast!
Okawaru accepts your kill.
No target in view!
No target in view!
No target in view!
No target in view!
No target in view!
Harold the Weathered comes into view.
He is wielding a +1 vorpal long sword and carrying a wand of iceblast (6).
Harold shouts!
A two-headed ogre comes into view. It is wielding two +0 giant clubs.
Harold throws a throwing net.
You block the throwing net.
You see here a throwing net.
There are monsters nearby!
Harold zaps a wand.
The mass of ice explodes!
The iceblast engulfs you! You partially resist.
You hit the two-headed ogre.
The two-headed ogre is lightly wounded.
The two-headed ogre hits you with a +0 giant club!!
The two-headed ogre completely misses you.
You slash the two-headed ogre!
The two-headed ogre is heavily wounded.
The two-headed ogre hits you with a +0 giant club!!
The two-headed ogre hits you but does no damage.
You barely miss the two-headed ogre.
The two-headed ogre is heavily wounded.
You barely miss the two-headed ogre.
The two-headed ogre is heavily wounded.
The two-headed ogre hits you with a +0 giant club.
* * * LOW HITPOINT WARNING * * *
You block the two-headed ogre's attack.
You hit the two-headed ogre.
The two-headed ogre is heavily wounded.
The two-headed ogre barely misses you.
The two-headed ogre hits you with a +0 giant club!
* * * LOW HITPOINT WARNING * * *
You barely miss the two-headed ogre.
The two-headed ogre is heavily wounded.
The two-headed ogre hits you with a +0 giant club!
You die...

.. #...####. ##.##
#...#.#.. ...
#....... .#. #.....#
.. ... #.....##.#
#.# #......#.# #@#
#......#.# #O#
#..)...#.# #@#
......##.## ##.##
#####.#...#####...##
#...#.......#(.#
###...#####...##
##.## ##.##
##.#####..######
#...............
################


You could see Harold and a two-headed ogre.

Vanquished Creatures
  Pikel (D:6)
  Maggie (D:7)
  The ghost of math4jedi the Poker, an amateur HOFi (D:5)
  Grinder (D:4)
  Prince Ribbit (D:7)
  Eustachio (D:5)
  9 yaks (D:8)
  The ghost of YayAnonymity the Slinger, an amateur GnHu (D:3)
  A wyvern (D:6)
  2 steam dragons (D:6)
  Menkaure (D:7)
  5 water moccasins
  Duvessa (D:6)
  A black bear (D:6)
  3 ice beasts
  2 orc warriors
  3 sky beasts
  4 centaurs (D:7)
  3 necrophages
  2 ogres
  A phantom (D:5)
  A kobold brigand (D:8)
  A bullfrog (D:8)
  2 elf zombies
  4 elf skeletons (D:5)
  4 scorpions
  A wyvern zombie (D:4)
  A wyvern skeleton (D:6)
  3 water moccasin skeletons
  Dowan (D:6)
  A wight (D:6)
  An electric eel (D:8)
  A lava snake (D:8)
  2 centaur zombies
  3 bullfrog zombies (D:5)
  5 hounds
  A jelly (D:4)
  A human zombie (Ossuary)
  2 orc priests
  A centaur skeleton (D:6)
  2 gnoll shamans (D:5)
  2 iguanas
  4 bullfrog skeletons
  Terence (D:3)
  5 orc wizards
  2 killer bee zombies
  A hound skeleton (D:5)
  2 mummies (Ossuary)
  2 howler monkey zombies
  8 gnolls (D:5)
  A howler monkey skeleton (D:6)
  8 adders
  A shadow imp (D:5)
  A white imp (D:8)
  An ufetubus (D:6)
  4 adder zombies (Ossuary)
  An adder skeleton (D:4)
  A worm (D:5)
  A dart slug (D:4)
  27 orcs
  4 ball pythons
  9 bats
  10 endoplasms
  7 giant cockroaches
  9 goblins
  7 hobgoblins
  7 jackals
  4 quokkas
  A frilled lizard (D:1)
  9 hobgoblin zombies (Ossuary)
  3 jackal zombies (Ossuary)
  7 kobolds
  9 kobold zombies (Ossuary)
  An orc skeleton (D:5)
  8 orc zombies (Ossuary)
  5 rats
  2 rat zombies (Ossuary)
258 creatures vanquished.

Notes
Turn   | Place    | Note
-------+----------+-------------------------------------------
     0 | D:1      | bande the Gargoyle Fighter began the quest for the Orb.
     0 | D:1      | Reached XP level 1. HP: 14/14 MP: 1/1
   220 | D:1      | Reached XP level 2. HP: 19/19 MP: 2/2
   620 | D:1      | Reached skill level 2 in Axes
   620 | D:1      | Reached XP level 3. HP: 24/24 MP: 3/3
  1622 | D:2      | Identified the +3 ring mail "Nogav" {rElec}
  1919 | D:2      | Identified the +1 scale mail of Ukhieb {-Cast Harm +Blink
                  | Regen+}
  2091 | D:2      | Reached XP level 4. HP: 27/29 MP: 4/4
  2380 | D:3      | Identified 3 scrolls of acquirement
  2380 | D:3      | Acquired 710 gold pieces
  2412 | D:3      | Found a radiant altar of Vehumet.
  2412 | D:3      | Noticed Terence
  2421 | D:3      | Killed Terence
  2422 | D:3      | Reached skill level 3 in Axes
  2422 | D:3      | Reached XP level 5. HP: 33/33 MP: 5/5
  2430 | D:3      | Found a hide-covered altar of Uskayaw.
  2432 | D:3      | Found an opulent altar of Gozag.
  2433 | D:3      | Found a blossoming altar of Fedhas.
  2435 | D:3      | Found a shimmering blue altar of Sif Muna.
  2478 | D:3      | Found a faded altar of an unknown god.
  2770 | D:3      | Identified the ring of Isaniroj {Ice Will+ Str+4 Dex+2}
  2909 | D:3      | Found a stormy altar of Qazlal.
  2925 | D:4      | Found a runed translucent gate.
  2925 | D:4      | Found a runed translucent gate.
  2925 | D:4      | Found a runed translucent gate.
  3048 | D:4      | Noticed YayAnonymity's ghost (amateur GnHu)
  3054 | D:4      | Acquired a +1 war axe of freezing
  3057 | D:4      | Acquired 911 gold pieces
  3087 | D:4      | Found a sacrificial altar of Ru.
  3400 | D:4      | Reached skill level 1 in Evocations
  3400 | D:4      | Reached XP level 6. HP: 28/38 MP: 6/6
  3510 | D:4      | Noticed Grinder
  3524 | D:4      | Killed Grinder
  3525 | D:4      | Reached skill level 4 in Axes
  3525 | D:4      | Reached XP level 7. HP: 40/44 MP: 7/7
  4181 | D:3      | Killed YayAnonymity's ghost
  4182 | D:3      | Reached skill level 5 in Axes
  4919 | D:4      | Reached skill level 5 in Fighting
  5333 | D:5      | Entered Level 5 of the Dungeon
  5407 | D:5      | Reached skill level 5 in Armour
  5407 | D:5      | Reached XP level 8. HP: 43/49 MP: 8/8
  5533 | D:5      | Found a transporter.
  5610 | D:5      | Found a sand-covered staircase.
  5616 | D:5      | Reached skill level 6 in Axes
  5619 | Ossuary  | Entered an ossuary
  6442 | D:5      | Reached skill level 5 in Shields
  6504 | D:5      | Reached skill level 7 in Axes
  6504 | D:5      | Reached XP level 9. HP: 55/55 MP: 9/9
  6642 | D:5      | Noticed math4jedi's ghost (amateur HOFi)
  7102 | D:5      | Found a transporter.
  7230 | D:5      | Noticed Eustachio
  7253 | D:5      | Killed Eustachio
  7450 | D:5      | Reached skill level 8 in Axes
  7852 | D:5      | Killed math4jedi's ghost
  8437 | D:6      | Acquired a manual of Armour
  8470 | D:6      | Reached skill level 5 in Evocations
  8582 | D:6      | Reached XP level 10. HP: 60/61 MP: 10/10
  8768 | D:6      | Reached skill level 9 in Axes
  9123 | D:6      | Noticed Duvessa
  9123 | D:6      | Noticed Dowan
  9130 | D:6      | Killed Duvessa
  9137 | D:6      | Killed Dowan
  9960 | D:6      | Found an ancient bone altar of Kikubaaqudgha.
 10217 | D:6      | Noticed Pikel
 10230 | D:6      | Killed Pikel
 10670 | D:7      | Noticed Menkaure
 10677 | D:7      | Killed Menkaure
 11170 | D:7      | Found a white marble altar of Elyvilon.
 11299 | D:7      | Noticed Prince Ribbit
 11309 | D:7      | Killed Prince Ribbit
 11468 | D:7      | Found a staircase to the Ecumenical Temple.
 11509 | Temple   | Entered the Ecumenical Temple
 11859 | Temple   | Became a worshipper of Warmaster Okawaru
 12083 | D:7      | Noticed Maggie
 12105 | D:7      | Killed Maggie
 12106 | D:7      | Reached skill level 1 in Invocations
 12819 | D:7      | Reached * piety under Okawaru
 12820 | D:7      | Reached skill level 10 in Axes
 13069 | D:8      | Reached XP level 11. HP: 56/67 MP: 12/12
 13104 | D:8      | HP: 2/67 [yak (4)]
 13128 | D:8      | Reached ** piety under Okawaru
 13806 | D:8      | Found Quvui's Weapon Shoppe.
 13907 | D:8      | Noticed Harold
 13907 | D:8      | Noticed a two-headed ogre
 13916 | D:8      | Mangled by a two-headed ogre

Illustrated notes

Levels and vault maps discovered:
D:1:      dpeg_arrival_circle_labyrinth_c, layout_basic
D:2:      layout_loops_corners
D:3:      layout_loops_ring, chequers_temple_overflow_statue_of_worship,
          lemuel_tele_altar, vehumet_altar_wand_db,
          chequers_ecumenical_altar_grove, uniq_terence
D:4:      layout_basic, kennysheep_little_box, gammafunk_ghost_necromancy,
          hangedman_abyss_or_decor_passed, minmay_between, uniq_grinder
D:5:      minmay_clustersquares, layout_loops_ring,
          nicolae_ossuary_entry_catacombs, gammafunk_ghost_mausoleum,
          minmay_chambers_of_fives, uniq_eustachio
D:6:      layout_loops_ring, mainiacjoe_overflow_concentric_impassable,
          minmay_pentangle, uniq_duvessa, uniq_pikel
D:7:      layout_basic, elyvilon_altar_4, temple_pool_b,
          minmay_misc_feat_rugged, uniq_maggie, uniq_prince_ribbit1,
          uniq_menkaure
D:8:      layout_basic, riverfiend_overflow_shadow_ancestor, dpeg_lair_monsters,
          serial_shops, nicolae_shop_bloodbath_and_beyond,
          nicolae_lava_and_water, minmay_misc_feat_tower, wad_floor_pattern_1,
          corexii_corridor_pit, uniq_erica, uniq_harold
Temple:   minmay_temple_curvy_loop

Skill      XL: |  1  2  3  4  5  6  7  8  9 10 11 |
---------------+----------------------------------+-----
Axes           | 2 3 4 5 7 8 10 | 10.4
Armour         | 4 5 6 9 |  9.6
Fighting       | 4 5 6 7 |  7.7
Shields        | 4 5 6 |  6.4
Evocations     | 1 2 3 5 6 |  6.4
Invocations    | 1 2 |  2.9

Action                   |  1- 3 |  4- 6 |  7- 9 | 10-12 || total
-------------------------+-------+-------+-------+-------++-------
Melee: War axe           |   146 |    78 |   362 |   259 ||   845
  Use: Scroll            |       |     9 |     4 |     5 ||    18
       Potion            |       |       |     3 |     1 ||     4
Armor: Scale mail        |    99 |    36 |   218 |    43 ||   396
       Plate armour      |       |       |       |   104 ||   104
Dodge: Dodged            |    87 |    31 |   153 |    84 ||   355
Block: Buckler           |    32 |    28 |   113 |    80 ||   253

Table legend: (Time is in decaauts)
 A = Elapsed time spent in this place.
 B = Non-inter-level travel time spent in this place.
 C = Inter-level travel time spent in this place.
 D = Time resting spent in this place.
 E = Time spent auto-exploring this place.
 F = Levels seen in this place.
 G = Mean time per level.
                   A        B        C        D        E       F      G
               +--------+--------+--------+--------+--------+-----+--------+
         Total |  14104 |  13693 |    411 |   5438 |   5891 |  10 | 1410.4 |
       Dungeon |  13245 |  12883 |    362 |   5119 |   5649 |   8 | 1655.6 |
        Temple |    375 |    326 |     49 |    109 |    195 |   1 |  375.0 |
       Ossuary |    483 |    483 |      0 |    210 |     47 |   1 |  483.0 |
               +--------+--------+--------+--------+--------+-----+--------+

Top non-repeatable levels by time:
     D:5: 2677 daAuts
     D:6: 2242 daAuts
     D:7: 1979 daAuts
     D:4: 1646 daAuts
     D:3: 1475 daAuts
     D:1: 1410 daAuts
     D:2: 913 daAuts
     D:8: 901 daAuts
 Ossuary: 483 daAuts
  Temple: 375 daAuts
